 Dungeon Crawl Stone Soup version 0.31-a0-150-g89dc3ad700 (webtiles) character file.

Game seed: 18294564855587520496

32538 qw the Marksminotaur (level 13, -6/116 HPs)
             Began as a Minotaur Hunter on June 8, 2023.
             Was an Elder of Okawaru.
             Mangled by a manticore (13 damage)
             ... on level 5 of the Lair of Beasts.
             The game lasted 00:05:16 (14135 turns).

qw the Marksminotaur (Minotaur Hunter)             Turns: 14135, Time: 00:05:16

Health: -6/116     AC: 18    Str: 16    XL:     13   Next: 31%
Magic:  18/19      EV: 22    Int:  6    God:    Okawaru [****..]
Gold:   413        SH:  0    Dex: 24    Spells: 12/12 levels left

rFire   . . .        p - +0 arbalest of Pogenust {flame, Dex+5 Stlth-}
rCold   . . .        (shield currently unavailable)
rNeg    . . .        l - +0 swamp dragon scales
rPois   +            (helmet restricted)
rElec   .            g - scarf {repulsion}
rCorr   .            o - +2 pair of gloves
SInv    .            (no boots)
Will    .....        (no amulet)
Stlth   ++           n - +4 ring of protection
HPRegen 0.39/turn    (no ring)
MPRegen 0.16/turn

%: repel missiles
@: about to teleport, heroic
A: horns 2, retaliatory headbutt
a: Renounce Religion, Heroism, Finesse


You were on level 5 of the Lair of Beasts.
You worshipped Okawaru.
Okawaru was greatly pleased with you.
You visited 2 branches of the dungeon, and saw 14 of its levels.

You collected 811 gold pieces.
You spent 398 gold pieces at shops.


Innate Abilities, Weirdness & Mutations

You have a pair of horns on your head.
You reflexively headbutt those who attack you in melee.


   Skills:
 + Level 11.0(16.0) Fighting
 - Level 18.0(23.0) Ranged Weapons
 - Level 6.1(11.1) Armour
 - Level 9.0(14.0) Dodging
 - Level 0.7(5.7) Stealth
 - Level 10.0 Invocations


You had 12 spell levels left.
You didn't know any spells.
Your spell library was empty.

Inventory:

Hand Weapons
 p - the +0 arbalest of Pogenust (weapon) {flame, Dex+5 Stlth-}
   (Okawaru gifted it to you on level 1 of the Lair of Beasts)

   Dex:       It affects your dexterity (+5).
   Stlth:     It makes you less stealthy.
Armour
 e - a +0 cloak
 g - a scarf of repulsion (worn)
 h - a +3 leather armour of fire resistance
 l - +0 swamp dragon scales (worn)
 o - a +2 pair of gloves (worn)
Jewellery
 k - the amulet "Ybag" {Spirit Fragile rElec Int+2 Dex+2}
   (You found it on level 5 of the Dungeon)

   [amulet of guardian spirit]

   It causes incoming damage to be divided between your reserves of health and
   magic.
   Int:       It affects your intelligence (+2).
   Dex:       It affects your dexterity (+2).
   rElec:     It insulates you from electricity.
   Fragile:   It will be destroyed if unequipped.
 n - a +4 ring of protection (left hand)
Wands
 c - a wand of digging (5)
Scrolls
 a - 6 scrolls of identify
 f - 2 scrolls of teleportation
Potions
 b - a potion of cancellation
 d - 2 potions of magic
 i - a potion of might {unknown}
 j - a potion of mutation
 m - 5 potions of curing

Dungeon Overview and Level Annotations

Branches:
Dungeon (9/15)             Temple (0/1) D:4            Lair (5/5) D:9
 Shoals (0/4) Lair:3       Spider (0/4) Lair:2        Slime (0/5) Lair:4
    Orc: D:9-12

Altars:
Elyvilon
Fedhas
Kikubaaqudgha
Okawaru
Qazlal
Sif Muna
Uskayaw
Vehumet
Xom

Shops:
D:6 **   D:8 !


Message History

The death yak is heavily wounded.
You feel like a meek peon again. The death yak gores you!!
The death yak barely misses you.
14129 ||| INVOKING Heroism.
You gain the combat prowess of a mighty hero.
The death yak gores you. The death yak closely misses you.
A yak comes into view.
You shoot a bolt.
The bolt hits the death yak but does no damage.
The death yak is heavily wounded.
The death yak completely misses you. x2
You shoot a bolt. The bolt hits the death yak.
The bolt burns the death yak.
The death yak is severely wounded.
The death yak completely misses you. You furiously retaliate!
You headbutt the death yak! You shoot a bolt.
The bolt hits the death yak but does no damage.
The death yak is severely wounded.
The death yak gores you but does no damage. x2
The death yak misses you.
You shoot a bolt. The bolt hits the death yak!
The bolt burns the death yak.
The death yak is almost dead.
The death yak barely misses you. You furiously retaliate!
You headbutt the death yak. The death yak gores you!! The death yak gores you!
14134 ||| READING 3 scrolls of teleportation.
As you read the scroll of teleportation, it crumbles to dust.
You feel strangely unstable.
The death yak snorts and paws the ground.
The death yak gores you but does no damage.
The death yak completely misses you. You furiously retaliate!
You headbutt the death yak!
You kill the death yak!
Okawaru is honoured by your kill. The death yak gores you!
Your base Ranged Weapons skill increases to level 18!
You shoot a bolt. The bolt hits the death yak!!
The bolt burns the death yak!
The death yak is heavily wounded.
The death yak barely misses you. You furiously retaliate!
You headbutt the death yak. The manticore bites you!
You die...

#......8.....# #P
##......##### ##
#......## #.
#..###...## ## ##
####...## #.
###.###.%.# ##
##.....##..# #.
###.%.#......## #.
#.%Y@.##......#
##.
....%.YH####....##
##.. #...###Y#
###.## ##... ...
#Y. ### #.... #.
##. ##.... #.
#..... . #..... .#
#..... #..##.


You could see 2 death yaks, a manticore and 2 yaks.

Vanquished Creatures
  2 boulder beetles
  2 catoblepae
  7 death yaks (Lair:5)
  A two-headed ogre (D:8)
  2 merfolk sirens (Lair:3)
  4 elephants (Lair:5)
  A black mamba (Lair:4)
  A torpor snail (Lair:4)
  Maggie (D:9)
  Psyche (D:8)
  2 kobold demonologists
  4 cane toads
  7 komodo dragons
  2 rime drakes
  2 merfolk (Lair:3)
  A troll (D:9)
  A polar bear (Lair:4)
  12 blink frogs
  13 dream sheep
  A culicivora (Lair:2)
  Sigmund (D:6)
  2 wyverns (Lair:3)
  43 yaks
  2 basilisks
  A redback (Lair:2)
  10 water moccasins
  An orc warrior (D:6)
  A black bear (Lair:4)
  2 sky beasts
  2 ogres (D:5)
  10 wolves
  3 phantoms
  A kobold brigand (D:9)
  18 bullfrogs
  A gnoll sergeant (D:8)
  3 scorpions
  4 wights (D:7)
  3 killer bees (D:9)
  An electric eel (Lair:5)
  3 hounds
  5 jellies
  A gnoll bouda (D:4)
  3 orc priests
  2 iguanas
  2 sleepcaps
  8 orc wizards
  15 gnolls
  9 adders
  A shadow imp (D:5)
  A white imp (D:8)
  An ufetubus (D:7)
  A worm (D:2)
  4 dart slugs
  27 orcs
  8 ball pythons
  9 endoplasms
  4 giant cockroaches
  6 goblins
  9 hobgoblins
  5 jackals
  4 quokkas
  4 bats
  6 frilled lizards
  11 kobolds
  6 rats
331 creatures vanquished.

Notes
Turn   | Place    | Note
-------+----------+-------------------------------------------
     0 | D:1      | qw the Minotaur Hunter began the quest for the Orb.
     0 | D:1      | Reached XP level 1. HP: 18/18 MP: 0/0
     0 | D:1      | 0 ||| qw: Version: 0.2-a-119-g7aa9181
     0 | D:1      | 0 ||| qw: Game counter: 2913
     0 | D:1      | 0 ||| qw: Always use a shield: true
     0 | D:1      | 0 ||| qw: God list: Okawaru
     0 | D:1      | 0 ||| qw: Allow faded altars: false
     0 | D:1      | 0 ||| qw: Do Orc after D:15 true
     0 | D:1      | 0 ||| qw: Do second Lair branch before Depths: true
     0 | D:1      | 0 ||| qw: Lair rune preference: random
     0 | D:1      | 0 ||| qw: Plans: Normal
     0 | D:1      | 0 ||| PLANNING D:1-11
   115 | D:1      | Reached XP level 2. HP: 24/25 MP: 1/1
   157 | D:1      | Reached skill level 5 in Ranged Weapons
   232 | D:1      | Reached skill level 3 in Fighting
   563 | D:1      | Reached XP level 3. HP: 31/31 MP: 2/2
   737 | D:1      | 737 ||| UPGRADING to +0 ring mail.
   747 | D:1      | 747 ||| DROPPING +0 leather armour.
   748 | D:1      | 748 ||| READING 2 scrolls labelled ODGHOH UMIMERAPT.
   749 | D:1      | 749 ||| READING 3 scrolls labelled CODONG TUSINWE.
   750 | D:1      | 750 ||| READING scroll labelled PILINGE QIYRUPH.
   805 | D:1      | 805 ||| READING scroll labelled CUPSOCW SANE.
   806 | D:1      | 806 ||| READING scroll labelled JUOGYL XIL VUA.
   907 | D:1      | 907 ||| DROPPING scroll of butterflies.
   908 | D:1      | 908 ||| DROPPING 2 scrolls of poison.
   985 | D:2      | Reached skill level 1 in Armour
  1124 | D:2      | Reached XP level 4. HP: 31/38 MP: 3/3
  1268 | D:2      | Reached skill level 6 in Ranged Weapons
  1768 | D:2      | 1768 ||| UPGRADING to +3 leather armour of fire resistance.
  1778 | D:2      | 1778 ||| DROPPING +0 ring mail.
  1779 | D:2      | 1779 ||| UPGRADING to amulet of guardian spirit.
  1784 | D:2      | 1784 ||| READING scroll labelled TATY OLIAVUCVIT.
  1785 | D:2      | 1785 ||| READING scroll labelled BALALOC VUFOTE.
  1786 | D:2      | 1786 ||| READING scroll labelled PONGEP QUKHLIPA.
  1787 | D:2      | 1787 ||| READING scroll labelled JIADDI ULAPP.
  1788 | D:2      | 1788 ||| DRINKING 2 coppery potions.
  1829 | D:2      | 1829 ||| DRINKING 2 green potions.
  1830 | D:2      | 1830 ||| DROPPING potion of lignification.
  2039 | D:3      | HP: 5/40 [gnoll/+0 halberd (11)]
  2040 | D:3      | 2040 ||| DRINKING potion of heal wounds.
  2043 | D:3      | Reached XP level 5. HP: 31/46 MP: 1/4
  2222 | D:3      | Found an iron altar of Okawaru.
  2223 | D:3      | 2223 ||| PLANNING OKAWARU WORSHIP
  2223 | D:3      | 2223 ||| DRINKING 2 amethyst potions.
  2224 | D:3      | Found a stormy altar of Qazlal.
  2225 | D:3      | Found a blossoming altar of Fedhas.
  2233 | D:3      | Became a worshipper of Warmaster Okawaru
  2233 | D:3      | 2233 ||| PLANNING D:1-11
  2234 | D:3      | 2234 ||| REMOVING amulet of guardian spirit.
  2589 | D:3      | 2589 ||| DROPPING amulet of guardian spirit.
  2590 | D:3      | 2590 ||| READING scroll labelled UXTOEM KE GUMP.
  2593 | D:3      | 2593 ||| READING 2 scrolls of identify.
  2593 | D:3      | 2593 ||| IDENTIFYING murky ruby potion
  2637 | D:4      | Found a staircase to the Ecumenical Temple.
  2816 | D:4      | 2816 ||| Stepping ~*~*~tactically~*~*~ (outnumbered).
  2868 | D:4      | 2868 ||| Stepping ~*~*~tactically~*~*~ (outnumbered).
  2877 | D:4      | Reached skill level 7 in Ranged Weapons
  2881 | D:4      | HP: 8/46 [gnoll/+0 halberd[a gnoll bouda] (7)]
  3195 | D:4      | Reached XP level 6. HP: 52/52 MP: 5/5
  3663 | D:4      | 3663 ||| UPGRADING to +0 pair of gloves.
  3668 | D:4      | 3668 ||| UPGRADING to +0 cloak.
  3673 | D:4      | 3673 ||| READING scroll labelled HINUTHR ASHROUSOS.
  3677 | D:5      | Entered Level 5 of the Dungeon
  3684 | D:5      | 3684 ||| STAIRDANCE
  3687 | D:4      | Reached * piety under Okawaru
  3688 | D:4      | Reached skill level 8 in Ranged Weapons
  3882 | D:5      | Reached skill level 1 in Invocations
  3926 | D:5      | Reached XP level 7. HP: 60/60 MP: 7/7
  4081 | D:5      | 4081 ||| INVOKING Heroism.
  4099 | D:5      | Reached skill level 3 in Dodging
  4273 | D:5      | Noticed a kobold demonologist
  4284 | D:5      | Killed a kobold demonologist
  4284 | D:5      | Reached ** piety under Okawaru
  4285 | D:5      | Reached skill level 3 in Invocations
  4471 | D:5      | 4471 ||| INVOKING Heroism.
  4481 | D:5      | Reached XP level 8. HP: 68/68 MP: 6/10
  4551 | D:5      | Identified the amulet "Ybag" {Spirit Fragile rElec Int+2
                  | Dex+2}
  4557 | D:5      | 4557 ||| INVOKING Heroism.
  4566 | D:5      | Reached skill level 9 in Ranged Weapons
  4776 | D:5      | 4776 ||| UPGRADING to scarf of repulsion.
  4786 | D:5      | 4786 ||| READING 3 scrolls of identify.
  4786 | D:5      | 4786 ||| IDENTIFYING golden potion
  4891 | D:6      | Reached skill level 6 in Fighting
  5029 | D:6      | 5029 ||| INVOKING Heroism.
  5081 | D:6      | Noticed Sigmund
  5082 | D:6      | 5082 ||| INVOKING Heroism.
  5083 | D:6      | 5083 ||| SWAPPING to +0 orcbow.
  5100 | D:6      | Killed Sigmund
  5101 | D:6      | Reached skill level 10 in Ranged Weapons
  5127 | D:6      | 5127 ||| DROPPING +1 shortbow.
  5330 | D:6      | Found Gistaril's General Store.
  5337 | D:6      | 5337 ||| BUYING scroll of identify (22 gold).
  5337 | D:6      | Bought a scroll of identify for 22 gold pieces
  5352 | D:6      | Found Ziupsul's Assorted Antiques.
  5356 | D:6      | 5356 ||| BUYING 2 clear potions (59 gold).
  5356 | D:6      | Bought 2 clear potions for 59 gold pieces
  5356 | D:6      | 5356 ||| BUYING fizzy white potion (29 gold).
  5356 | D:6      | Bought a fizzy white potion for 29 gold pieces
  5356 | D:6      | 5356 ||| BUYING fuming clear potion (29 gold).
  5356 | D:6      | Bought a fuming clear potion for 29 gold pieces
  5356 | D:6      | 5356 ||| BUYING scroll of teleportation (99 gold).
  5356 | D:6      | Bought a scroll of teleportation for 99 gold pieces
  5356 | D:6      | 5356 ||| SHOPLISTING spiked ring mail (297 gold, have 27).
  5356 | D:6      | 5356 ||| SHOPLISTING tiny cameo amulet (165 gold, have 27).
  5686 | D:6      | 5686 ||| READING 3 scrolls labelled JAROKUUGUF.
  5687 | D:6      | 5687 ||| READING 2 scrolls of brand weapon.
  5687 | D:6      | 5687 ||| BRANDING +0 orcbow of flaming.
  5688 | D:6      | 5688 ||| READING scroll of brand weapon.
  5688 | D:6      | 5688 ||| BRANDING +0 heavy orcbow.
  5689 | D:6      | 5689 ||| DRINKING 2 clear potions.
  5690 | D:6      | 5690 ||| READING 4 scrolls of identify.
  5690 | D:6      | 5690 ||| IDENTIFYING lumpy black potion
  5691 | D:6      | 5691 ||| READING 3 scrolls of identify.
  5691 | D:6      | 5691 ||| IDENTIFYING fizzy white potion
  5692 | D:6      | 5692 ||| READING 2 scrolls of identify.
  5692 | D:6      | 5692 ||| IDENTIFYING fuming clear potion
  5693 | D:6      | 5693 ||| DROPPING potion of degeneration.
  5694 | D:6      | 5694 ||| DROPPING potion of berserk rage.
  5695 | D:6      | 5695 ||| DROPPING potion of attraction.
  6039 | D:7      | Reached XP level 9. HP: 76/79 MP: 11/11
  6054 | D:7      | 6054 ||| INVOKING Heroism.
  6185 | D:7      | 6185 ||| INVOKING Heroism.
  6186 | D:7      | HP: 17/72 [wight/+4 halberd (4)]
  6187 | D:7      | Reached skill level 11 in Ranged Weapons
  6187 | D:7      | 6187 ||| READING 3 scrolls of teleportation.
  6188 | D:7      | 6188 ||| DRINKING potion of heal wounds.
  6881 | D:7      | 6881 ||| READING scroll labelled KOYR OCO XETZI.
  6943 | D:8      | 6943 ||| INVOKING Heroism.
  7125 | D:8      | Noticed a two-headed ogre
  7126 | D:8      | 7126 ||| INVOKING Heroism.
  7132 | D:8      | Killed a two-headed ogre
  7133 | D:8      | Reached skill level 12 in Ranged Weapons
  7161 | D:8      | Found Tinom's Distillery.
  7169 | D:8      | 7169 ||| BUYING potion of cancellation (80 gold).
  7169 | D:8      | Bought a potion of cancellation for 80 gold pieces
  7169 | D:8      | 7169 ||| BUYING potion of cancellation (80 gold).
  7169 | D:8      | Bought a potion of cancellation for 80 gold pieces
  7169 | D:8      | 7169 ||| SHOPLISTING potion of curing (30 gold, have 11).
  7169 | D:8      | 7169 ||| SHOPLISTING potion of haste (100 gold, have 11).
  7277 | D:8      | Found a hide-covered altar of Uskayaw.
  7285 | D:8      | 7285 ||| READING scroll of brand weapon.
  7285 | D:8      | 7285 ||| BRANDING +0 orcbow of draining.
  7315 | D:8      | 7315 ||| INVOKING Heroism.
  7334 | D:8      | Found an ancient bone altar of Kikubaaqudgha.
  7363 | D:8      | 7363 ||| Stepping ~*~*~tactically~*~*~ (outnumbered).
  7365 | D:8      | 7365 ||| INVOKING Heroism.
  7367 | D:8      | 7367 ||| Stepping ~*~*~tactically~*~*~ (outnumbered).
  7451 | D:8      | Noticed Psyche
  7452 | D:8      | 7452 ||| INVOKING Heroism.
  7460 | D:8      | Killed Psyche
  7461 | D:8      | Reached skill level 6 in Dodging
  7722 | D:8      | 7722 ||| READING scroll labelled IFYCHE CAOJ.
  7795 | D:9      | 7795 ||| INVOKING Heroism.
  7798 | D:9      | Reached XP level 10. HP: 46/88 MP: 9/12
  7799 | D:9      | Reached *** piety under Okawaru
  7814 | D:9      | Reached skill level 13 in Ranged Weapons
  7825 | D:9      | 7825 ||| FLEEEEING.
  7826 | D:9      | 7826 ||| FLEEEEING.
  7827 | D:9      | 7827 ||| FLEEEEING.
  7828 | D:9      | 7828 ||| FLEEEEING.
  7829 | D:9      | 7829 ||| FLEEEEING.
  7830 | D:9      | 7830 ||| FLEEEEING.
  7831 | D:9      | 7831 ||| FLEEEEING.
  7832 | D:9      | 7832 ||| FLEEEEING.
  7833 | D:9      | 7833 ||| FLEEEEING.
  7834 | D:9      | 7834 ||| FLEEEEING.
  7835 | D:9      | 7835 ||| FLEEEEING.
  7836 | D:9      | 7836 ||| FLEEEEING.
  7837 | D:9      | 7837 ||| FLEEEEING.
  7838 | D:9      | 7838 ||| INVOKING Heroism.
  7844 | D:9      | Reached skill level 9 in Fighting
  7845 | D:9      | HP: 16/91 [killer bee (8)]
  7846 | D:9      | 7846 ||| READING 3 scrolls of teleportation.
  7850 | D:9      | HP: 12/91 [killer bee (1)]
  8122 | D:9      | Found a shimmering blue altar of Sif Muna.
  8167 | D:9      | Found a white marble altar of Elyvilon.
  8193 | D:9      | 8193 ||| Stepping ~*~*~tactically~*~*~ (outnumbered).
  8194 | D:9      | 8194 ||| Stepping ~*~*~tactically~*~*~ (outnumbered).
  8288 | D:9      | Noticed Maggie
  8298 | D:9      | Reached **** piety under Okawaru
  8312 | D:9      | Killed Maggie
  8375 | D:9      | Found a radiant altar of Vehumet.
  8435 | D:9      | 8435 ||| INVOKING Heroism.
  8441 | D:9      | a yak changed into a glowing shapeshifter
  8441 | D:9      | Noticed a glowing shapeshifter (glowing shapeshifter)
  8441 | D:9      | a glowing shapeshifter changed into a steelbarb worm
  8441 | D:9      | Noticed a steelbarb worm (glowing shapeshifter)
  8442 | D:9      | Banished a steelbarb worm
  8443 | D:9      | Reached skill level 14 in Ranged Weapons
  8719 | D:9      | Found a staircase to the Lair.
  8882 | D:9      | 8882 ||| PLANNING LAIR
  8882 | D:9      | 8882 ||| UPGRADING to +0 swamp dragon scales.
  8948 | Lair:1   | Entered Level 1 of the Lair of Beasts
  8976 | Lair:1   | Reached skill level 3 in Armour
  8976 | Lair:1   | Reached skill level 6 in Invocations
  9013 | Lair:1   | Noticed a cane toad
  9014 | Lair:1   | 9014 ||| INVOKING Heroism.
  9016 | Lair:1   | Killed a cane toad
  9046 | Lair:1   | 9046 ||| INVOKING Heroism.
  9052 | Lair:1   | Reached XP level 11. HP: 95/97 MP: 11/14
  9152 | Lair:1   | Reached ***** piety under Okawaru
  9153 | Lair:1   | 9153 ||| INVOKING Heroism.
  9438 | Lair:1   | 9438 ||| DRINKING 3 potions of cancellation.
  9440 | Lair:1   | 9440 ||| INVOKING Heroism.
  9495 | Lair:1   | 9495 ||| INVOKING Heroism.
  9659 | Lair:1   | Identified the +0 arbalest of Pogenust {flame, Dex+5
                  | Stlth-} (Okawaru gifted it to you on level 1 of the Lair of
                  | Beasts)
  9659 | Lair:1   | Received a gift from Okawaru
  9716 | Lair:1   | 9716 ||| SWAPPING to +0 arbalest of Pogenust {flame, Dex+5
                  | Stlth-}.
  9717 | Lair:1   | 9717 ||| DROPPING +0 orcbow of chaos.
 10118 | Lair:1   | 10118 ||| UPGRADING to +2 pair of gloves.
 10128 | Lair:1   | 10128 ||| DROPPING +0 pair of gloves.
 10129 | Lair:1   | 10129 ||| UPGRADING to +4 ring of protection.
 10174 | Lair:2   | 10174 ||| INVOKING Heroism.
 10467 | Lair:2   | 10467 ||| INVOKING Heroism.
 10795 | Lair:2   | 10795 ||| INVOKING Heroism.
 10803 | Lair:2   | Reached skill level 9 in Invocations
 10977 | Lair:2   | Found a hole to the Spider Nest.
 11031 | Lair:2   | 11031 ||| INVOKING Heroism.
 11213 | Lair:3   | 11213 ||| INVOKING Heroism.
 11219 | Lair:3   | HP: 12/99 [merfolk/+0 trident (15)]
 11220 | Lair:3   | 11220 ||| READING 4 scrolls of teleportation.
 11221 | Lair:3   | 11221 ||| DRINKING potion of heal wounds.
 11327 | Lair:3   | Reached XP level 12. HP: 77/106 MP: 18/18
 11414 | Lair:3   | 11414 ||| INVOKING Heroism.
 11704 | Lair:3   | Noticed a boulder beetle
 11705 | Lair:3   | 11705 ||| INVOKING Heroism.
 11706 | Lair:3   | 11706 ||| INVOKING Finesse.
 11717 | Lair:3   | Killed a boulder beetle
 11873 | Lair:3   | Reached skill level 15 in Ranged Weapons
 11879 | Lair:3   | Received a gift from Okawaru
 11888 | Lair:3   | Reached skill level 6 in Armour
 11982 | Lair:3   | 11982 ||| Stepping ~*~*~tactically~*~*~ (outnumbered).
 12057 | Lair:3   | Found a staircase to the Shoals.
 12225 | Lair:4   | Found a shimmering altar of Xom.
 12239 | Lair:4   | Noticed a catoblepas
 12240 | Lair:4   | 12240 ||| INVOKING Heroism.
 12242 | Lair:4   | 12242 ||| Stepping ~*~*~tactically~*~*~ (cloud).
 12246 | Lair:4   | Killed a catoblepas
 12268 | Lair:4   | Received a gift from Okawaru
 12270 | Lair:4   | 12270 ||| INVOKING Heroism.
 12334 | Lair:4   | Found a staircase to the Slime Pits.
 12381 | Lair:4   | 12381 ||| INVOKING Heroism.
 12388 | Lair:4   | Reached skill level 16 in Ranged Weapons
 12468 | Lair:4   | 12468 ||| INVOKING Heroism.
 12974 | Lair:4   | 12974 ||| INVOKING Heroism.
 13193 | Lair:4   | Received a gift from Okawaru
 13247 | Lair:5   | Entered Level 5 of the Lair of Beasts
 13250 | Lair:5   | 13250 ||| INVOKING Heroism.
 13253 | Lair:5   | Noticed a boulder beetle
 13254 | Lair:5   | 13254 ||| INVOKING Finesse.
 13260 | Lair:5   | Reached skill level 9 in Dodging
 13263 | Lair:5   | Killed a boulder beetle
 13350 | Lair:5   | Reached XP level 13. HP: 95/116 MP: 19/19
 13352 | Lair:5   | 13352 ||| INVOKING Heroism.
 13536 | Lair:5   | 13536 ||| FLEEEEING.
 13537 | Lair:5   | 13537 ||| FLEEEEING.
 13538 | Lair:5   | 13538 ||| FLEEEEING.
 13539 | Lair:5   | 13539 ||| FLEEEEING.
 13540 | Lair:5   | 13540 ||| FLEEEEING.
 13541 | Lair:5   | 13541 ||| FLEEEEING.
 13542 | Lair:5   | 13542 ||| STAIRDANCE
 13690 | Lair:5   | 13690 ||| INVOKING Heroism.
 13700 | Lair:5   | Reached skill level 17 in Ranged Weapons
 13702 | Lair:5   | 13702 ||| INVOKING Finesse.
 13709 | Lair:5   | Received a gift from Okawaru
 13974 | Lair:5   | 13974 ||| DRINKING 2 potions of cancellation.
 14069 | Lair:5   | 14069 ||| INVOKING Heroism.
 14129 | Lair:5   | 14129 ||| INVOKING Heroism.
 14133 | Lair:5   | HP: 27/116 [death yak (19)]
 14134 | Lair:5   | 14134 ||| READING 3 scrolls of teleportation.
 14134 | Lair:5   | HP: 7/116 [death yak (14)]
 14135 | Lair:5   | Reached skill level 18 in Ranged Weapons
 14135 | Lair:5   | Mangled by a manticore

Levels and vault maps discovered:
D:1:      sevenhm_arrival_forest_fort_small_4, layout_loops_cross
D:2:      minmay_razor_zed, layout_basic
D:3:      layout_basic, chequers_temple_overflow_statue_of_worship,
          chequers_serial_rivers_micro_a
D:4:      layout_gridville, minmay_temple_entry_tees
D:5:      layout_basic, serial_rivers, chequers_serial_rivers_micro_e,
          chequers_serial_rivers_micro_c, chequers_serial_rivers_room_b,
          chequers_serial_rivers_micro_c, chequers_serial_rivers_micro_d
D:6:      layout_basic, serial_shops, shop, shop, minmay_misc_feat_rows,
          uniq_sigmund
D:7:      layout_basic
D:8:      layout_loops_ring, nicolae_uskayaw_dance_hall, old_standard_altar,
          serial_shops, nicolae_shop_advertising_works
          [nicolae_subvault_shop_adworks], uniq_psyche
D:9:      layout_loops_ring, nicolae_vehumet_radiance, tgw_sif,
          general_overflow_altar, lair_entry_dummy, uniq_maggie
Lair:1:   layout_layer_cave, nicolae_lair_grove_arrangements,
          grunt_megastairs_5, infiniplex_staircase_pool_2, lemuel_fruit_fields
Lair:2:   layout_cave_pods, spider_nest_entry_funnel_web
Lair:3:   layout_misc_corridors, elwin_shoals_entry_stream
Lair:4:   layout_hall_layers, nicolae_slime_entry_field_trip, basic_altar,
          grunt_megastairs_4, lemuel_fruit_fields
Lair:5:   evilmike_catoblepas_cave, layout_cave_pods, infiniplex_staircase_pool,
          serial_bayou_shore_b

Skill      XL: |  1  2  3  4  5  6  7  8  9 10 11 12 13 |
---------------+----------------------------------------+-----
Ranged Weapons | 5 6 7 8 10 12 14 16 18 | 18.0
Fighting       | 3 4 5 7 8 9 10 11 | 11.0
Armour         | 1 2 3 5 6 |  6.1
Invocations    | 1 4 6 9 10 | 10.0
Dodging        | 3 4 6 7 9 |  9.0
Stealth        | |  0.7

Action                     |  1- 3 |  4- 6 |  7- 9 | 10-12 | 13-15 || total
---------------------------+-------+-------+-------+-------+-------++-------
   Fire: Shortbow          |    95 |   200 |   160 |       |       ||   455
         Orcbow            |       |       |   192 |   244 |       ||   436
         Arbalest          |       |       |       |   293 |    66 ||   359
 Invoke: Heroism           |       |       |    13 |    20 |     4 ||    37
         Finesse           |       |       |       |     2 |     1 ||     3
    Use: Scroll            |     5 |     7 |    11 |     2 |     1 ||    26
         Potion            |       |     4 |     2 |     2 |     1 ||     9
 Armour: Leather armour    |     5 |    11 |    40 |    11 |       ||    67
         Ring mail         |     4 |     2 |       |       |       ||     6
         Swamp dragon scal |       |       |       |    73 |     9 ||    82
  Dodge: Dodged            |    23 |    46 |    91 |   278 |    50 ||   488
         Repelled          |       |       |     2 |       |       ||     2

Table legend:
 A = Non-vault XP
 B = Vault XP
 C = Vault XP percentage of total XP
 D = Non-vault monster count
 E = Vault monster count
 F = Vault count percentage of total count
                 A         B        C        D         E       F
            +---------+---------+-------+---------+---------+-------
      Total |   37081 |    9403 |  20.2 |     286 |      46 |  13.9
            +---------+---------+-------+---------+---------+-------
        D:1 |      56 |       0 |   0.0 |      24 |       0 |   0.0
        D:2 |      48 |      37 |  43.5 |      13 |      14 |  51.9
        D:3 |      66 |       0 |   0.0 |      16 |       0 |   0.0
        D:4 |     381 |       0 |   0.0 |      27 |       0 |   0.0
        D:5 |    1016 |       0 |   0.0 |      19 |       0 |   0.0
        D:6 |     738 |     223 |  23.2 |      18 |       1 |   5.3
        D:7 |     847 |       0 |   0.0 |      14 |       0 |   0.0
        D:8 |    1368 |     404 |  22.8 |      22 |       1 |   4.3
        D:9 |    4331 |     445 |   9.3 |      26 |       2 |   7.1
     Lair:1 |    3742 |    1869 |  33.3 |      20 |       8 |  28.6
     Lair:2 |    4531 |     407 |   8.2 |      21 |       2 |   8.7
     Lair:3 |    5282 |    1540 |  22.6 |      21 |       4 |  16.0
     Lair:4 |    5238 |     451 |   7.9 |      22 |       6 |  21.4
     Lair:5 |    9437 |    4027 |  29.9 |      23 |       8 |  25.8
            +---------+---------+-------+---------+---------+-------
